 Dungeon Crawl Stone Soup version 0.22-a0-398-g8bb545f (webtiles) character file.

98 Ijustatesigmund the Chopper (level 4, -6/33 HPs)
             Began as an Octopode Fighter on May 5, 2018.
             Mangled by a gnoll
             ... wielding a +0 spear
              (8 damage)
             ... on level 3 of the Dungeon.
             The game lasted 00:02:38 (1621 turns).

Ijustatesigmund the Chopper (Octopode Fighter)      Turns: 1621, Time: 00:02:39

Health: -6/33      AC:  1    Str: 20    XL:     4   Next: 69%
Magic:  4/4        EV: 11    Int: 10    God:
Gold:   105        SH:  9    Dex: 12    Spells: 3/3 levels left

rFire    . . .     SeeInvis .   a - +1 war axe
rCold    . . .     Gourm    .   b - +0 shield
rNeg     . . .     Faith    .   (helmet restricted)
rPois    .         Spirit   .   (no amulet)
rElec    .         Reflect  .   g - ring of resist corrosion
rCorr    +         Harm     .   (no ring)
MR       .....                  (no ring)
Stlth    ++........             (no ring)
HPRegen  0.11/turn              (no ring)
MPRegen  0.09/turn              (no ring)
                                (no ring)
                                (no ring)

@: mighty
A: almost no armour, stealthy swim, amphibious, 8 rings, constrict 8, camouflage
1, gelatinous body 1
a: no special abilities


You were on level 3 of the Dungeon.
You were very hungry.

You visited 1 branch of the dungeon, and saw 3 of its levels.

You collected 105 gold pieces.

Inventory:

Hand Weapons
 a - a +1 war axe (weapon)
Armour
 b - a +0 shield (worn)
Jewellery
 g - a ring of resist corrosion (left tentacle)
Scrolls
 e - 2 scrolls of amnesia
Potions
 c - 3 potions of might
Comestibles
 d - 6 rations


   Skills:
 + Level 3.8 Fighting
 * Level 4.1 Axes
 - Level 3.0 Dodging
 - Level 3.0 Shields


You had 3 spell levels left.
You didn't know any spells.

Dungeon Overview and Level Annotations

Branches:
Dungeon (3/15)

Altars:
Nemelex Xobeh


Innate Abilities, Weirdness & Mutations

You cannot wear most types of armour.
You are very stealthy in the water. (Stealth+)
You are amphibious.
You can wear up to eight rings at the same time.
You can use your tentacles to constrict eight enemies at once.
Your skin changes colour to match your surroundings (Stealth+).
Your rubbery body absorbs attacks. (AC +1, EV +1)


Message History

You hit the goblin.
You kill the goblin!
The gnoll barely misses you.
The gnoll hits you from afar with a spear!
* * * LOW HITPOINT WARNING * * *
You slash the gnoll! You grab the gnoll. Your squeeze misses the gnoll.
The gnoll is almost dead.
You hit the dart slug. You slash the rat!
You kill the rat!
You constrict the gnoll.
You kill the gnoll!
Your Axes skill increases to level 4!
You block the gnoll's attack. You block the dart slug's attack.
The gnoll misses you.
You slash the dart slug!
You kill the dart slug!
The gnoll hits you from afar with a spear!
* * * LOW HITPOINT WARNING * * *
The gnoll hits you with a spear!
You die...

....# .. ...# ..... ...
.... #...##... #..
#....#.. #.. #.....# #.
#.....# ##### ####.
#g....#.......#<...
#(@s..#.......###.. ...
#.†................
......#..).....###.......
......##.......#........#
..<... #.......#........#
......##.......#.......[#
.........†......#.......#
..........†.....#.......#
......†.........#.......#


You could see a gnoll and a giant cockroach.

Vanquished Creatures
  3 gnolls (D:3)
  An ooze (D:1)
  2 worms (D:2)
  4 dart slugs
  A leopard gecko (D:1)
  7 goblins
  6 hobgoblins
  8 jackals
  2 kobolds
  A ball python (D:1)
  6 bats
  A frilled lizard (D:1)
  8 rats
50 creatures vanquished.

Notes
Turn   | Place    | Note
-------+----------+-------------------------------------------
     0 | D:1      | Ijustatesigmund the Octopode Fighter began the quest for the Orb.
     0 | D:1      | Reached XP level 1. HP: 16/16 MP: 1/1
    92 | D:1      | Reached XP level 2. HP: 19/21 MP: 2/2
   509 | D:1      | Reached skill level 3 in Axes
   509 | D:1      | Reached XP level 3. HP: 15/26 MP: 3/3
  1256 | D:2      | Found a sparkling altar of Nemelex Xobeh.
  1600 | D:3      | Reached XP level 4. HP: 27/32 MP: 4/4
  1619 | D:3      | Reached skill level 4 in Axes
  1621 | D:3      | Mangled by a gnoll

Vault maps used:
D:1:      minmay_arrival_shattered_statue
D:2:      wad_pebble_path, nemelex_spade_bored_becter
D:3:      old_standard_altar, first_ration

Skill      XL: |  1  2  3  4 |
---------------+-------------+-----
Axes           | 3 4 |  4.1
Fighting       | |  3.8
Dodging        | |  3.0
Shields        | |  3.0

Action                   |  1- 3 |  4- 6 || total
-------------------------+-------+-------++-------
Melee: War axe           |    73 |    11 ||    84
       Constrict         |    17 |     4 ||    21
       Tentacles         |    13 |     1 ||    14
  Use: Scroll            |     8 |       ||     8
       Potion            |       |     2 ||     2
 Stab: Sleeping          |     7 |       ||     7
       Distracted        |     1 |       ||     1
  Eat: Chunk             |     1 |       ||     1
Armor: Skin              |     5 |       ||     5
Dodge: Dodged            |    28 |    11 ||    39
Block: Shield            |    25 |    12 ||    37

Table legend:
 A = Spawn XP
 B = Non-spawn XP
 C = Spawn XP percentage of total XP
 D = Spawn monster count
 E = Non-spawn monster count
 F = Spawn count percentage of total count
 G = Total turns spent on level
                    A         B        C        D         E        F      G
               +---------+---------+-------+---------+---------+-------+---------
         Total |       0 |     140 |   0.0 |       0 |      50 |   0.0 |  1621
               +---------+---------+-------+---------+---------+-------+---------
           D:1 |       0 |      48 |   0.0 |       0 |      25 |   0.0 |   778
           D:2 |       0 |      25 |   0.0 |       0 |      10 |   0.0 |   730
           D:3 |       0 |      67 |   0.0 |       0 |      15 |   0.0 |   113
               +---------+---------+-------+---------+---------+-------+---------
